 Dungeon Crawl Stone Soup version 0.26-b1-32-g5d43845318 (webtiles) character file.

Game seed: 6057350450079297391

525 Borgoz the Slasher (level 7, -4/59 HPs)
             Began as a Ghoul Gladiator on Jan 13, 2021.
             Slain by a sky beast (5 damage)
             ... on level 5 of the Dungeon.
             The game lasted 00:03:53 (3323 turns).

Borgoz the Slasher (Ghoul Gladiator)                Turns: 3323, Time: 00:03:54

Health: -4/59      AC:  8    Str: 18    XL:     7   Next: 23%
Magic:  6/6        EV: 12    Int:  9    God:
Gold:   262        SH:  0    Dex: 12    Spells: 6/6 levels left

rFire    + . .     SeeInvis .   a - +1 long sword
rCold    + . .     Faith    +   (no shield)
rNeg     + + +     Spirit   .   n - +2 ring mail {rF+}
rPois    ∞         Reflect  .   c - +0 helmet
rElec    .         Harm     .   (no cloak)
rCorr    .         Rampage  .   (no gloves)
Will     .....                  (no boots)
Stlth    +.........             j - amulet of faith
HPRegen  0.00/turn              h - +6 ring of intelligence
MPRegen  0.10/turn              (no ring)

@: no status effects
A: claws 1, cold resistance 1, negative energy resistance 3, inhibited
regeneration, torment resistance, unbreathing
a: no special abilities


You were on level 5 of the Dungeon.
You visited 1 branch of the dungeon, and saw 5 of its levels.

You collected 262 gold pieces.

Inventory:

Hand Weapons
 a - a +1 long sword (weapon)
Armour
 c - a +0 helmet (worn)
 n - a +2 ring mail of fire resistance (worn)
Jewellery
 e - an uncursed ring of flight
 f - an uncursed ring of ice
 h - a +6 ring of intelligence (left claw)
 j - an amulet of faith (around neck)
Scrolls
 d - a scroll of identify
 k - 2 scrolls of remove curse
 o - 5 scrolls of teleportation
Potions
 b - a potion of brilliance {unknown}
 g - 5 potions of degeneration {unknown}
 i - 3 potions of heal wounds {unknown}
 l - a potion of might {unknown}
 m - a potion of berserk rage {unknown}
 q - a potion of curing
 r - a potion of attraction {unknown}


   Skills:
 + Level 4.1 Fighting
 * Level 5.0 Long Blades
 - Level 1.7 Throwing
 + Level 2.7 Armour
 + Level 4.0 Dodging


You had 6 spell levels left.
You didn't know any spells.
Your spell library was empty.

Dungeon Overview and Level Annotations

Branches:
Dungeon (5/15)
 Temple: D:4-7

Altars:


Innate Abilities, Weirdness & Mutations

You thrive by killing the living.
You are immune to poison.
You have sharp fingernails.
Your flesh is cold resistant. (rC+)
You are immune to negative energy. (rN+++)
You do not regenerate when monsters are visible.
You are immune to unholy pain and torment.
You can survive without breathing.


Message History

Something shocks you.
* * * LOW HITPOINT WARNING * * *
You barely miss something. Something hits you but does no damage.
You barely miss something. Something hits you but does no damage.
You miss something. Something hits you.
* * * LOW HITPOINT WARNING * * *
Something shocks you.
* * * LOW HITPOINT WARNING * * *
You miss something. Something hits you but does no damage.
You miss something. Something hits you but does no damage.
You closely miss something. Something hits you but does no damage.
You miss something. Something hits you but does no damage. Something hits you.
* * * LOW HITPOINT WARNING * * *
Something shocks you.
* * * LOW HITPOINT WARNING * * *
You miss something. Something hits you but does no damage.
You hit something. Something hits you.
* * * LOW HITPOINT WARNING * * *
Something shocks you.
You die...

##....###
###.......
.........
#...... #....#
.... .####
#.#######
......#.Zw{@.$#
.........####.#
#####.##.# ..
#. #.# ..# #.
#.# ## #.##.#
#.##.# #.##.#
#.##.#


You could see a worm and a bullfrog zombie.

Vanquished Creatures
  An ogre (D:4)
  2 scorpions
  An orc priest (D:4)
  A centaur skeleton (D:4)
  2 hounds (D:4)
  An orc wizard (D:4)
  A worker ant (D:5)
  Terence (D:2)
  9 adders
  An adder skeleton (D:4)
  4 worms
  A dart slug (D:4)
  3 leopard geckos
  4 orcs
  3 giant cockroaches
  4 goblins
  3 hobgoblins
  3 jackals (D:4)
  A quokka (D:2)
  A ball python (D:3)
  10 bats
  4 frilled lizards
  2 kobolds
  2 rats (D:1)
65 creatures vanquished.

Notes
Turn   | Place    | Note
-------+----------+-------------------------------------------
     0 | D:1      | Borgoz the Ghoul Gladiator began the quest for the Orb.
     0 | D:1      | Reached XP level 1. HP: 17/17 MP: 0/0
   220 | D:1      | Reached XP level 2. HP: 25/25 MP: 1/1
   474 | D:2      | Reached skill level 3 in Long Blades
   991 | D:2      | Reached XP level 3. HP: 24/30 MP: 2/2
  1098 | D:2      | Reached skill level 1 in Armour
  1284 | D:2      | Noticed Terence
  1302 | D:2      | Killed Terence
  1303 | D:2      | Reached XP level 4. HP: 12/37 MP: 3/3
  2242 | D:3      | You fall into a shaft and drop 1 floor!
  2254 | D:4      | Reached XP level 5. HP: 40/45 MP: 4/4
  2358 | D:4      | Reached skill level 4 in Long Blades
  2483 | D:4      | Reached XP level 6. HP: 51/51 MP: 5/5
  2857 | D:4      | Reached XP level 7. HP: 30/59 MP: 6/6
  3194 | D:5      | Entered Level 5 of the Dungeon
  3296 | D:5      | Reached skill level 5 in Long Blades
  3321 | D:5      | HP: 2/59 [something (5)]
  3323 | D:5      | Slain by a sky beast

Illustrated notes

Levels and vault maps discovered:
D:1:      lemuel_arrival_room, layout_rooms, kennysheep_flooded_box
D:2:      layout_loops_ring, uniq_terence
D:3:      layout_loops_corners
D:4:      layout_loops_ring, portal_sewer_entry_e
D:5:      layout_loops_ring

Skill      XL: |  1  2  3  4  5  6  7 |
---------------+----------------------+-----
Long Blades    | 3 4 5 |  5.0
Armour         | 1 2 |  2.7
Dodging        | 3 4 |  4.0
Fighting       | 3 4 |  4.1
Throwing       | |  1.7

Action                   |  1- 3 |  4- 6 |  7- 9 || total
-------------------------+-------+-------+-------++-------
Melee: Long sword        |    93 |   178 |    44 ||   315
Throw: Throwing net      |     3 |     1 |       ||     4
  Use: Scroll            |       |     7 |       ||     7
       Potion            |       |     1 |       ||     1
Armor: Leather armour    |    38 |       |       ||    38
       Ring mail         |       |    86 |    21 ||   107
Dodge: Dodged            |    81 |   115 |    25 ||   221
       Rpst.: Long sword |    20 |    37 |     7 ||    64
